OGR, neutral male human Barbarian ---------------- |!%!!!%%%%%]%@.| -------- |%%]%!%%%%!%!!.-) |).....| |%!%%%%%%%%%!!.|# |.......# |%%%(%%%%j(%!m@|# |......|# ----------------# --|-----# # # # -------- # ### ### |....... # # # |...<..| # # ###|......| ##### # #.......| -----.----.----- -------- |..............| |..............| |..............| +..............| ---------------- OGR the Pillager Experience level: 4 Strength: 17 Dexterity: 17 Constitution: 19 Intelligence: 8 Wisdom: 8 Charisma: 6 Health: 0(41) Energy: 11(11) Def: 4 Gold: 542 Moves: 2072 Dungeon seed: 1EpRPI9eLeCeDqn8 Game ID: OGR_1512392339 Your Inventory: Coins $ - 542 gold pieces Weapons b - an uncursed +0 short sword (weapon in hand) Armor e - an uncursed +0 ring mail (being worn) n - an uncursed +0 helmet (being worn) Comestibles c - 3 uncursed food rations h - 2 uncursed sprigs of wolfsbane Scrolls j - an uncursed scroll of teleportation k - an uncursed scroll of create monster o - a cursed scroll of water Spellbooks p - an uncursed spellbook of protection Potions d - a cursed potion of fruit juice f - an uncursed potion of water g - an uncursed potion of levitation m - a blessed potion of speed r - an uncursed potion of object detection u - an uncursed potion of speed Wands l - an uncursed wand of enlightenment (0:13) Tools i - an uncursed mirror w - an uncursed skeleton key Gems q - an uncursed worthless piece of red glass Spells and supernatural/magical abilities: Name Level Category Fail Memory W - pray for help -- divine ? -- Your skills at the end: Miscellaneous Skills bare handed combat [Basic] Weapon Skills axe [Basic] short sword [Basic] Spellcasting Skills Final Attributes: You were piously aligned. You were poison resistant. You were telepathic. You were stealthy. You were held by a giant mimic. You were lucky. You are dead. Vanquished creatures: a straw golem a giant ant a floating eye a kitten an iguana 2 orc zombies 2 coyotes a gas spore 2 hobbits a large kobold a hobgoblin a yellow mold a red mold 2 gnomes 2 kobolds 2 newts 3 goblins 2 sewer rats 2 grid bugs 3 lichens 2 kobold zombies 34 creatures vanquished. Voluntary challenges: You did not adorn yourself with jewelry or accessories. You did not cause conflict. You were not invisible. You did not have reflection. You were not displaced. You were an atheist. You used a wielded weapon 44 times, starting on turn 149. You did not apply a unicorn horn. You did not use plumbed fixtures. You did not drink any magical draughts. You were illiterate. You never genocided any monsters. You never polymorphed an object. You never changed form. You used no wishes. You never split a pudding. You never wrote Elbereth's name. You never violated your personal moral code. Dungeon overview: The Dungeons of Doom: levels 1 to 5 Level 1 some fountains a long staircase Level 2 a potion shop portal to Advent Calendar Level 3 a fountain Level 4 a sink stairs to The Gnomish Mines Level 5 <- You were here a delicatessen The Gnomish Mines: Level 5 stairs to The Dungeons of Doom Advent Calendar: Level 5 a tree portal to The Dungeons of Doom History has recorded: On T:1 you entered the Dungeons of Doom to retrieve the Amulet of Yendor! On T:502 you reached level 2 of The Dungeons of Doom. On T:754 you advanced to experience level 2. On T:843 you reached level 1 of Advent Calendar. On T:967 you advanced to experience level 3. On T:1039 you reached level 3 of The Dungeons of Doom. On T:1440 you advanced to experience level 4. On T:1596 you reached level 4 of The Dungeons of Doom. On T:1805 you reached level 1 of The Gnomish Mines. On T:1982 you reached level 5 of The Dungeons of Doom. Score breakdown: Gold: 542 ( 54 points) Experience: 4 levels ( 300 points) Exploration: 5 levels ( 120 points) Discoveries: 14 items ( 700 points) Variety of kills: 21 monsters ( 1050 points) Major goal: (nothing yet) ( 0 points) Survival: died (score multiplied by 3) Total score: 6672 Latest messages: You see here a helmet. n - a helmet. You are now wielding your helmet. You are now wielding your short sword. You start equipping your helmet. You are now wearing a helmet. The hobbit wields a dagger! You kill the hobbit! You see here a dagger. $ - 190 gold pieces. "Hello, OGR! Welcome to Berbek's delicatessen!" "Will you please leave your mattock outside?" Berbek blocks your way. You drop a dwarvish mattock. "Hello, OGR! Welcome again to Berbek's delicatessen!" Wait! That's a giant mimic! The giant mimic claws you! (2x) You cannot escape from the giant mimic! (4x) The giant mimic claws you! You die... Berbek gratefully inherits all your possessions. Final status: Goodbye OGR the Barbarian, killed by a giant mimic... You died in The Dungeons of Doom on dungeon level 5 with 6672 points, and 542 pieces of gold, after 2072 moves. You were level 4 with a maximum of 41 hit points when you died.